 Dungeon Crawl Stone Soup version 0.28.0-53-g5a82cb258f (webtiles) character file.

Game seed: 2430583150843397422

226 MiltankisOP the Poker (level 6, -2/44 HPs)
             Began as a Merfolk Gladiator on July 12, 2022.
             Slain by Edmund
             ... wielding a +3 flail
              (7 damage)
             ... on level 4 of the Dungeon.
             The game lasted 00:03:55 (4246 turns).

MiltankisOP the Poker (Merfolk Gladiator)           Turns: 4246, Time: 00:03:56

Health: -2/44      AC:  6    Str: 14    XL:     6   Next: 1%
Magic:  6/6        EV: 15    Int:  8    God:
Gold:   173        SH:  0    Dex: 17    Spells: 5/5 levels left

rFire   . . .      SeeInvis .   a - +0 trident
rCold   . . .      Faith    .   (no shield)
rNeg    . . .      Spirit   .   b - +0 leather armour
rPois   .          Reflect  .   (no helmet)
rElec   .          Harm     .   (no cloak)
rCorr   .          Rampage  .   (no gloves)
Will    .....                   q - +2 pair of boots
Stlth   +.........              (no amulet)
HPRegen 0.14/turn               (no ring)
MPRegen 0.10/turn               (no ring)

@: no status effects
A: (nimble swimmer 2), mertail
a: no special abilities


You were on level 4 of the Dungeon.
You visited 1 branch of the dungeon, and saw 4 of its levels.

You collected 173 gold pieces.

Inventory:

Hand Weapons
 a - a +0 trident (weapon)
Armour
 b - a +0 leather armour (worn)
 c - a +0 helmet
 f - a +1 helmet
 q - a +2 pair of boots (worn)
Scrolls
 g - a scroll of blinking {unknown}
 h - 2 scrolls of magic mapping {unknown}
 i - 2 scrolls of teleportation {unknown}
 l - a scroll of identify {unknown}
 m - a scroll of immolation {unknown}
 n - a scroll of fear {unknown}
Potions
 e - a potion of curing {unknown}
 j - 2 potions of haste {unknown}
 k - a potion of invisibility {unknown}
 o - a potion of attraction {unknown}
 p - a potion of degeneration {unknown}


   Skills:
 - Level 2.1 Fighting
 + Level 7.3 Polearms
 - Level 2.0 Throwing
 + Level 6.7 Dodging


You had 5 spell levels left.
You didn't know any spells.
Your spell library contained the following spells:

 Spells                   Type           Power      Damage    Failure   Level
 Animate Skeleton         Necr           0%         N/A       50%         1


Dungeon Overview and Level Annotations

Branches:
Dungeon (4/15)
 Temple: D:4-7

Altars:
Xom

Annotations:
D:4 Edmund


Innate Abilities, Weirdness & Mutations

((You are very nimble when in or above water. (Stealth+, EV+, Speed+++)))
Your lower body shifts to a powerful aquatic tail in water.


Message History

Edmund is lightly wounded.
Edmund closely misses you.
You hit Edmund.
Edmund is moderately wounded.
Edmund closely misses you.
You hit Edmund but do no damage.
Edmund is moderately wounded.
Edmund hits you with a +3 flail!
You hit Edmund.
Edmund is moderately wounded.
Edmund hits you with a +3 flail!
Throw: 3 throwing nets
Press: ? - help, Q - select action Shift-Dir - straight line, f/p - Edmund
Aim: Edmund, wielding a +3 flail, wearing a +0 chain mail and wearing a +0 kite shield (thin mist, moderately wounded, 72% to hit)
You throw a throwing net.
Edmund blocks the throwing net.
Edmund hits you but does no damage.
Throw: 2 throwing nets
Press: ? - help, Q - select action Shift-Dir - straight line, f/p - Edmund
Aim: Edmund, wielding a +3 flail, wearing a +0 chain mail and wearing a +0 kite shield (thin mist, moderately wounded, 72% to hit)
You throw a throwing net. The throwing net barely misses Edmund.
Edmund barely misses you.
Throw: throwing net
Press: ? - help, Q - select action Shift-Dir - straight line, f/p - Edmund
Aim: Edmund, wielding a +3 flail, wearing a +0 chain mail and wearing a +0 kite shield (thin mist, moderately wounded, 72% to hit)
You throw a throwing net.
Edmund blocks the throwing net.
Edmund closely misses you.
You are too injured to fight recklessly!
Reach: a) +0 trident
Press: ? - help, Dir - move target, f/p - Edmund
Aim: Edmund, wielding a +3 flail, wearing a +0 chain mail and wearing a +0 kite shield (thin mist, moderately wounded, about 27% to evade your +0 trident)
You reach to attack!
You hit Edmund but do no damage.
Edmund is moderately wounded.
Edmund hits you with a +3 flail!
* * * LOW HITPOINT WARNING * * *
A dart slug comes into view.
The dart slug launches a dart at you. The slug dart hits you.
* * * LOW HITPOINT WARNING * * *
Edmund hits you with a +3 flail!
You die...

#§§§# #.. #§§§# #.# #§§§# ..
#.# #§§§##.# #.# #§§§##.# #.#
#§§§##.####w##### #
##§§§##.........<########.###
..#§§§§§#..###@###.÷..........#
#....§§§#..# #@# #..#######...+
#######....# #.# #..# .##
###..# #.###..###### #
#..###..........$.
#######...............##
.........#.....)........
#######.)...?......#####
##.#######...... #.. ......#


You could see Edmund and a dart slug.

Vanquished Creatures
  A scorpion (D:3)
  An iguana (D:4)
  A howler monkey zombie (D:3)
  6 adders
  A worm (D:2)
  An adder skeleton (D:4)
  4 dart slugs
  6 ball pythons
  4 endoplasms
  6 giant cockroaches
  6 goblins
  4 hobgoblins
  2 jackals (D:1)
  5 kobolds
  4 quokkas
  6 bats
  8 rats
66 creatures vanquished.

Notes
Turn   | Place    | Note
-------+----------+-------------------------------------------
     0 | D:1      | MiltankisOP the Merfolk Gladiator began the quest for the
                  | Orb.
     0 | D:1      | Reached XP level 1. HP: 16/16 MP: 1/1
   335 | D:1      | Reached XP level 2. HP: 22/22 MP: 2/2
   352 | D:1      | Reached skill level 5 in Polearms
   591 | D:1      | Reached XP level 3. HP: 16/27 MP: 3/3
   859 | D:1      | Found a faded altar of an unknown god.
   872 | D:1      | Got Plato's Grimoire of Unholy Arts
  1128 | D:1      | Reached skill level 5 in Dodging
  1730 | D:2      | You fall into a shaft and drop 1 floor!
  1927 | D:2      | Reached XP level 4. HP: 32/33 MP: 4/4
  2475 | D:2      | Reached skill level 6 in Polearms
  3094 | D:3      | Reached XP level 5. HP: 34/38 MP: 5/5
  3515 | D:3      | Reached skill level 7 in Polearms
  3908 | D:3      | Found a shimmering altar of Xom.
  4053 | D:4      | Reached XP level 6. HP: 26/44 MP: 6/6
  4206 | D:4      | Noticed Edmund
  4208 | D:4      | Found a faded altar of an unknown god.
  4246 | D:4      | Slain by Edmund

Illustrated notes

Levels and vault maps discovered:
D:1:      elethiomel_arrival_quiet, layout_basic,
          shapermc_ecumenical_altar_rom_forum, minmay_cupped
D:2:      layout_basic
D:3:      layout_loops_ring, mainiacjoe_overflow_chevrons
D:4:      layout_loops_ring, mainiacjoe_overflow_small_starburst,
          beargit_hepliaklqana_dungeon_heroes, overflow_temple_1_default,
          grunt_temple_overflow_open, marbit_many_paths,
          cheibrodos_sewer_entry_bend, kennysheep_diamond,
          hangedman_decor_slide_cut

Skill      XL: |  1  2  3  4  5 |
---------------+----------------+-----
Polearms       | 5 6 7 |  7.3
Dodging        | 5 6 |  6.7
Fighting       | |  2.1
Throwing       | |  2.0

Action                   |  1- 3 |  4- 6 || total
-------------------------+-------+-------++-------
Melee: Trident           |   118 |   121 ||   239
Throw: Throwing net      |       |     3 ||     3
 Stab: Sleeping          |     4 |     2 ||     6
Armor: Leather armour    |    27 |    19 ||    46
Dodge: Dodged            |    56 |    53 ||   109
